AoeStats
← PZ|MBalu

African Clearing

504567186Analyzed
4v4 RM · 28d ago on Sep 5, 2026· 46m 49s· 8 players
Game mode
Random Map
Map size
Large (8 player)
Population
200
Speed
Normal
Resources
Standard
Victory
Conquest
Starting age
Dark Age
Ending age
Imperial Age
RankedLock teamsTeams togetherTeam positionsShared explorationLock speedFull tech treeHidden civsTurbo modeCheats
Victory
Defeat
🇲🇽 Cumans · Mexico
1241
+16
🇫🇮 Hindustanis · Finland
1232
+16
🇨🇳 Persians · China
1197
+18
🇨🇱 Mapuche · Chile
1195
+18
🇭🇺 Italians · Hungary
1263
-19
🇭🇺 Huns · Hungary
1228
-17
🇭🇺 Japanese · Hungary
1226
-16
🇭🇺 Hindustanis · Hungary
1221
-16
Mauzic
13:30 Feudal Age
17:35 Castle Age
17:20 Double-Bit Axe
18:34 Bow Saw
18:13 Horse Collar
19:46 Heavy Plow
20:50 Loom
24:15 Wheelbarrow
24:29 Fletching
26:23 Bodkin Arrow
26:29 Padded Archer Armor
28:19 Gold Mining
29:35 Gold Shaft Mining
29:34 Leather Archer Armor
29:32 Bloodlines
31:23 Scale Barding Armor
31:40 Ballistics
31:39 Hand Cart
31:53 Thumb Ring
33:37 Steppe Husbandry
34:27 Chain Barding Armor
37:57 Imperial Age
35:26 Stone Mining
35:50 Forging
35:41 Scale Mail Armor
38:29 Iron Casting
38:11 Chain Mail Armor
39:50 Two-Man Saw
39:31 Crop Rotation
39:42 Plate Barding Armor
40:17 Chemistry
38:48 Light Cavalry
39:35 Hussar
40:49 Ring Archer Armor
40:19 Murder Holes
41:06 Parthian Tactics
43:07 Conscription
44:14 Blast Furnace
43:29 Chain Mail Armor
44:01 Masonry
43:41 Heated Shot
43:19 Heavy Cavalry Archer
Monolito
3:47 Loom
13:59 Feudal Age
14:37 Double-Bit Axe
19:40 Castle Age
18:26 Horse Collar
19:23 Wheelbarrow
19:18 Fletching
23:57 Bow Saw
24:45 Padded Archer Armor
26:16 Heavy Plow
32:05 Forging
35:40 Gold Mining
37:07 Gold Shaft Mining
41:27 Imperial Age
39:10 Champi Runner
39:36 Arson
40:14 Hand Cart
42:56 Conscription
43:20 Iron Casting
43:01 Leather Archer Armor
43:04 Champi Warrior
43:48 Scale Mail Armor
43:59 Pikeman
44:51 Caravan
45:36 Crop Rotation
47:29 Chain Mail Armor
46:43 Elite Champi Warrior
孤鸿
8:28 Loom
14:33 Feudal Age
13:24 Loom
16:19 Double-Bit Axe
19:07 Castle Age
17:18 Gold Mining
17:19 Horse Collar
19:27 Scale Barding Armor
19:37 Bloodlines
24:50 Heavy Plow
26:30 Scale Mail Armor
27:10 Husbandry
28:10 Pikeman
29:43 Forging
30:03 Squires
31:04 Wheelbarrow
31:11 Stone Mining
33:39 Stone Shaft Mining
33:44 Gold Shaft Mining
34:00 Arson
34:53 Iron Casting
35:06 Chain Mail Armor
35:42 Bow Saw
39:29 Chain Barding Armor
40:11 Hand Cart
42:46 Imperial Age
43:35 Stone Shaft Mining
42:26 Cavalier
43:42 Plate Barding Armor
44:08 Blast Furnace
43:47 Conscription
44:03 Hoardings
43:42 Masonry
43:59 Savar
45:18 Guilds
45:01 Halberdier
46:25 Crop Rotation
47:05 Two-Man Saw
engarvi
11:16 Loom
13:13 Feudal Age
13:55 Double-Bit Axe
18:08 Forging
19:35 Scale Barding Armor
19:47 Horse Collar
25:26 Castle Age
24:04 Bloodlines
24:51 Gold Mining
26:24 Bow Saw
29:17 Chain Barding Armor
29:11 Husbandry
34:04 Heavy Plow
42:18 Wheelbarrow
42:46 Gold Shaft Mining
43:43 Hand Cart
47:48 Imperial Age
48:03 Iron Casting
PZ|ReDw1nG
7:21 Loom
15:15 Feudal Age
16:28 Double-Bit Axe
16:37 Gold Mining
19:12 Castle Age
17:15 Stone Mining
24:45 Horse Collar
27:06 Wheelbarrow
26:56 Heavy Plow
27:32 Bow Saw
29:22 Hand Cart
29:07 Fletching
29:46 Bodkin Arrow
30:52 Padded Archer Armor
33:00 Leather Archer Armor
35:29 Imperial Age
33:30 Ballistics
34:11 Gold Shaft Mining
34:53 Scale Barding Armor
34:58 Forging
34:51 Marauders
35:38 Bloodlines
36:07 Chain Barding Armor
36:33 Conscription
37:54 Chemistry
37:24 Bracer
40:18 Plate Barding Armor
39:18 Elite Tarkan
41:13 Husbandry
42:08 Iron Casting
43:05 Parthian Tactics
PZ|SlothKing
11:23 Loom
13:53 Feudal Age
17:48 Castle Age
16:08 Double-Bit Axe
24:23 Scale Mail Armor
26:31 Wheelbarrow
29:47 Chain Mail Armor
29:42 Forging
29:02 Pikeman
33:55 Squires
33:41 Gambesons
33:42 Arson
35:49 Forging
38:25 Horse Collar
PZ|MBalu
7:20 Loom
13:15 Feudal Age
17:31 Castle Age
15:38 Double-Bit Axe
16:31 Gold Mining
19:43 Bow Saw
22:05 Bloodlines
25:16 Scale Barding Armor
27:35 Forging
32:04 Wheelbarrow
32:08 Chain Barding Armor
43:20 Scale Mail Armor
46:23 Imperial Age
45:33 Chain Mail Armor
45:49 Squires
PZ|Perfect Destroyer
4:57 Loom
13:35 Feudal Age
18:52 Castle Age
20:04 Gold Mining
20:35 Stone Mining
21:35 Double-Bit Axe
26:04 Horse Collar
27:02 Heavy Plow
30:03 Ballistics
29:36 Fletching
29:47 Padded Archer Armor
35:41 Imperial Age
33:41 Leather Archer Armor
34:22 Wheelbarrow
34:41 Bodkin Arrow
34:58 Squires
36:07 Scale Mail Armor
36:17 Forging
35:51 Elite Genoese Crossbowman
37:16 Bracer
40:17 Ring Archer Armor
40:03 Chain Mail Armor
41:16 Iron Casting
44:17 Plate Mail Armor
44:48 Blast Furnace
Connection lost

Rejoining the realm…

Still unreachable

The connection could not be restored.

Session expired

The server has moved on; the page needs a fresh start.